 Dungeon Crawl Stone Soup version 0.32-a0-433-g08bcfe7efd (webtiles) character file.

Game seed: 11112443398618978456

1629965 Drazool the Slayer (level 27, 225/244 HPs)
             Began as a Coglin Gladiator on Feb 21, 2024.
             Was the Champion of Beogh.
             Escaped with the Orb
             ... and 3 runes on Feb 22, 2024!
             The game lasted 05:12:44 (74648 turns).

Drazool the Slayer (Coglin Gladiator)              Turns: 74648, Time: 05:12:45

Health: 225/244    AC: 41    Str: 15    XL:     27
Magic:  35/35      EV:  8    Int:  8    God:    Beogh [******]
Gold:   4422       SH:  5    Dex: 32    Spells: 37/50 levels left

rFire   + . .        n - +5 double sword (vamp) {Bor}
rCold   + . .        h - +9 demon blade (elec) {Jaspreet}
rNeg    + . .        o - +7 gold dragon scales
rPois   +            f - +2 helmet
rElec   .            Q - +2 cloak {Will+}
rCorr   .            D - +2 pair of gloves {Dex+3}
SInv    +            Y - +1 pair of boots of Maxe {Will++}
Will    +++++        Z - amulet of reflection Stlth
                     K - ring of Xeops {rN+ Slay+4}
HPRegen 0.60/turn    v - ring of see invisible
MPRegen 0.24/turn

%: reflection
@: revving
A: walk on water, off-hand wielding, slow wielding, warmup strikes, legs
shutdown, low MP 1, sense surroundings 1
0: Orb of Zot
}: 3/15 runes: serpentine, barnacled, silver
a: Renounce Religion, Smiting, Recall Apostles, Blood for Blood, Dismiss
Zartorak, priest, Dismiss Bogward, warrior, Dismiss Grimold, warrior


You escaped.
You worshipped Beogh.
Beogh was exalted by your worship.
You visited 9 branches of the dungeon, and saw 47 of its levels.
You also visited: Sewer and Ossuary.

You collected 7677 gold pieces.
You spent 3255 gold pieces at shops.


Innate Abilities, Weirdness & Mutations

You can walk on water.
Your facial features are unmistakably orcish.
You can wield a second weapon in your off-hand.
It takes a long time for you to wield or remove held weapons.
Your first few attacks do less damage.
Attacking and casting redirects power from your legs.
Your magical capacity is low. (-10% MP)
You passively map a small area around you.


   Skills:
 + Level 25.8 Fighting
 - Level 17.0 Long Blades
 - Level 3.0 Throwing
 - Level 16.0 Armour
 - Level 10.0 Dodging
 - Level 3.0 Stealth
 - Level 12.0 Spellcasting
 - Level 20.0 Translocations
 - Level 16.0 Air Magic
 - Level 15.0 Invocations
 - Level 6.0 Evocations


You had 37 spell levels left.
You knew the following spells:

 Your Spells              Type           Power      Damage    Failure   Level
a - Apportation           Tloc           72%        N/A       1%          1
l - Lesser Beckoning      Tloc           72%        N/A       1%          2
m - Manifold Assault      Tloc           36%        N/A       4%          4
z - Vhi's Electric Charg  Tloc/Air       66%        N/A       11%         4
B - Blink                 Tloc           72%        N/A       1%          2

Your spell library contained the following spells:

 Spells                   Type           Power      Damage    Failure   Level
 Gell's Gravitas          Tloc           36%        N/A       1%          3
 Teleport Other           Tloc           36%        N/A       1%          3
 Momentum Strike          Conj/Tloc      40%        3d9       38%         2
 Dispersal                Tloc           18%        N/A       56%         6
 Mercury Vapours          Alch/Air       34%        N/A       67%         2
 Dimensional Bullseye     Hex/Tloc       10%        N/A       95%         4
 Iskenderun's Mystic Bla  Conj/Tloc      20%        2d6       95%         4
 Cigotuvi's Dreadful Rot  Necr/Alch/Air  26%        N/A       96%         2
 Mephitic Cloud           Conj/Alch/Air  13%        N/A       99%         3
 Freeze                   Ice            16%        1d4       100%        1
 Kiss of Death            Conj/Necr      16%        2d6       100%        1
 Magic Dart               Conj           16%        1d3       100%        1
 Necrotise                Necr           16%        1d4       100%        1
 Slow                     Hex            16%        N/A       100%        1
 Sting                    Conj/Alch      16%        1d4       100%        1
 Summon Small Mammal      Summ           16%        N/A       100%        1
 Call Imp                 Summ           8%         N/A       100%        2
 Ensorcelled Hibernation  Hex/Ice        8%         N/A       100%        2
 Sublimation of Blood     Necr           4%         N/A       100%        2
 Confusing Touch          Hex            4%         N/A       100%        3
 Frozen Ramparts          Ice            8%         1d2       100%        3
 Fugue of the Fallen      Necr           4%         N/A       100%        3
 Hailstorm                Conj/Ice       4%         3d5       100%        3
 Inner Flame              Hex/Fire       4%         N/A       100%        3
 Sigil of Binding         Hex            4%         N/A       100%        3
 Summon Ice Beast         Ice/Summ       4%         N/A       100%        3
 Tukima's Dance           Hex            4%         N/A       100%        3
 Vampiric Draining        Necr           4%         2d6       100%        3
 Anguish                  Hex/Necr       2%         N/A       100%        4
 Animate Armour           Summ/Erth      8%         N/A       100%        4
 Animate Dead             Necr           4%         N/A       100%        4
 Brom's Barrelling Bould  Conj/Erth      4%         2d3       100%        4
 Cause Fear               Hex            2%         N/A       100%        4
 Dispel Undead            Necr           4%         3d7       100%        4
 Flame Wave               Conj/Fire      4%         2d5       100%        4
 Ignite Poison            Fire/Alch      4%         N/A       100%        4
 Leda's Liquefaction      Alch/Erth      2%         N/A       100%        4
 Martyr's Knell           Necr/Summ      4%         N/A       100%        4
 Olgreb's Toxic Radiance  Alch           4%         N/A       100%        4
 Petrify                  Alch/Erth      4%         N/A       100%        4
 Sticky Flame             Fire/Alch      4%         2d4       100%        4
 Arcjolt                  Conj/Air       8%         1d18      100%        5
 Fireball                 Conj/Fire      2%         3d4       100%        5
 Freezing Cloud           Conj/Ice/Air   6%         6-21      100%        5
 Irradiate                Conj/Alch      2%         3d12      100%        5
 Iskenderun's Battlesphe  Conj           4%         2d6       100%        5
 Lee's Rapid Deconstruct  Erth           2%         3d4*      100%        5
 Summon Forest            Summ/Tloc      10%        N/A       100%        5
 Summon Mana Viper        Hex/Summ       4%         N/A       100%        5
 Bombard                  Conj/Erth      2%         9d1       100%        6
 Conjure Ball Lightning   Conj/Air       8%         3x3d6     100%        6
 Death Channel            Necr           2%         N/A       100%        6
 Eringya's Noxious Bog    Alch           2%         4d6       100%        6
 Plasma Beam              Fire/Air       8%         2x1d19    100%        6
 Sculpt Simulacrum        Ice/Alch       2%         N/A       100%        6
 Enfeeble                 Hex            2%         N/A       100%        7
 Haunt                    Necr/Summ      2%         N/A       100%        7
 Malign Gateway           Summ/Tloc      10%        N/A       100%        7
 Monstrous Menagerie      Summ           2%         N/A       100%        7
 Orb of Destruction       Conj           2%         9d5       100%        7
 Ozocubu's Refrigeration  Ice            2%         4d7       100%        7
 Summon Hydra             Summ           2%         N/A       100%        7
 Discord                  Hex            2%         N/A       100%        8
 Disjunction              Tloc           18%        N/A       100%        8
 Ignition                 Fire           2%         3d3       100%        8
 Infestation              Necr           2%         N/A       100%        8
 Summon Horrible Things   Summ           2%         N/A       100%        8
 Chain Lightning          Conj/Air       8%         3d11      100%        9
 Fire Storm               Conj/Fire      2%         8d1       100%        9
 Polar Vortex             Ice            2%         N/A       100%        9
 Shatter                  Erth           2%         3d6*      100%        9

Inventory:

Hand Weapons
 h - a +9 demon blade of electrocution (offhand) {Jaspreet}
 n - a +5 vampiric double sword (weapon) {Bor}
Missiles
 a - 12 silver javelins
 d - 5 throwing nets {=f}
 e - 9 curare-tipped darts {=f}
 J - 22 javelins
Armour
 f - a +2 helmet (worn)
 o - +7 gold dragon scales (worn)
 D - a +2 pair of gloves of dexterity (worn)
 Q - a +2 cloak of willpower (worn)
 Y - the +1 pair of boots of Maxe (worn) {Will++}
   (You acquired it on level 11 of the Dungeon)

   Will++:    It greatly increases your willpower.
Jewellery
 c - a ring of protection from cold
 v - a ring of see invisible (right grasper)
 E - a +5 ring of evasion
 F - a ring of protection from fire
 G - the amulet of the Four Winds {rN+ Will+++ Clar}
   (You found it on level 5 of the Vaults)

   [amulet of nothing]

   rN+:       It protects you from negative energy.
   Will+++:   It greatly increases your willpower.
   Clar:      It protects you from confusion, rage, mesmerisation and fear.
 K - the ring of Xeops (left grasper) {rN+ Slay+4}
   (You found it on level 2 of the Shoals)

   [ring of slaying]

   Slay+4:    It affects your accuracy & damage with ranged weapons and melee
   (+4).
   rN+:       It protects you from negative energy.
 Z - an amulet of reflection (around neck)
Wands
 b - a wand of flame (78)
 j - a wand of digging (8)
 s - a wand of iceblast (37)
 L - a wand of polymorph (49)
 R - a wand of paralysis (52)
 U - a wand of mindburst (39)
 W - a wand of light (6)
Scrolls
 i - 9 scrolls of fog
 p - 5 scrolls of amnesia
 q - 29 scrolls of teleportation {@r2}
 t - 8 scrolls of silence {!r}
 x - 8 scrolls of poison
 y - 6 scrolls of fear
 B - 7 scrolls of summoning
 O - 9 scrolls of vulnerability
 S - 2 scrolls of revelation
 T - 4 scrolls of blinking
 X - 5 scrolls of immolation
Potions
 g - 9 potions of ambrosia
 k - 12 potions of lignification
 l - 8 potions of brilliance
 m - 7 potions of might
 r - 7 potions of mutation
 u - a potion of cancellation
 w - 4 potions of haste {@q3}
 z - 7 potions of attraction
 A - 3 potions of resistance
 M - 2 potions of heal wounds {@q2}
 P - 8 potions of enlightenment
 V - 14 potions of curing {@q1}
Miscellaneous
 C - a lightning rod (4/4)
 I - a phial of floods
 N - a sack of spiders

Dungeon Overview and Level Annotations

Branches:
Dungeon (15/15)            Temple (0/1) D:7            Lair (5/5) D:9
 Shoals (4/4) Lair:3        Snake (4/4) Lair:2        Slime (0/5) Lair:5
    Orc (2/2) D:11            Elf (3/3) Orc:2        Vaults (5/5) D:13
  Crypt (0/3) Vaults:3     Depths (4/4) D:15            Zot (5/5) Depths:4
  Sewer (visited)         Ossuary (visited)

Altars:
Elyvilon
Fedhas
Kikubaaqudgha
Nemelex Xobeh
Okawaru
Qazlal
Trog
Vehumet
Xom
Zin
Beogh

Shops:
D:3 (=   D:5 [   D:6 *   D:12 !![   D:15 *   Orc:2 **[!(   Elf:2 (   Shoals:3 (
Shoals:4 (   Snake:1 =:=   Snake:2 *[=?   Vaults:3 *(   Vaults:4 !   Vaults:5 *
Depths:1 !

Portals:
Hell: Depths:1 Depths:2 Depths:3 Depths:4
Abyss: Depths:3
Pandemonium: Depths:1 Depths:2
Ziggurat: Depths:4
Trove: Vaults:1 (give 16 potions of curing)

Annotations:
D:9 1 exclusion
D:14 3 runed translucent doors, Ywummuh's ghost, journeyman HOFi
Lair:2 2 transporters
Lair:5 1 runed translucent door, jr88keys's ghost, journeyman MiFi
Shoals:3 Usob's ghost, journeyman OnGl
Snake:3 2 transporters, exclusion: obsidian statue
Orc:1 3 runed translucent doors, Imyishutt's ghost, journeyman MiFi
Elf:2 6 runed translucent doors, Triskal's ghost, adept OnGl
Elf:3 1 runed translucent door, greynaab's ghost, adept MDBe
Vaults:2 36 runed translucent doors
Vaults:4 1 runed translucent door, Monkooky's ghost, adept MDMo
Zot:2 3 transporters, Foeck's ghost, veteran TrCK
Zot:5 1 runed translucent door, Tigajux's ghost, master OnAl

...## #............# #.# ...#
#..▒▒▒▒▒▒▒..## #.###
...####..▒▒...▒▒..# ########....
.........▒.▒▒'.▒..# ##...........
######...▒.▒ß▒.'..###.########...
#...▒.▒▒▒.▒..##.## ####
#...▒▒...▒▒..#.##
##..▒▒▒▒▒▒▒)o.## #.........@o##
#...........# #########.### ##*


You could see the friendly Bogward the orc apostle (strong) and the friendly
Grimold the orc apostle.


Message History

Press: ? - help, Shift-Dir - straight line A rock wall.
This square is covered in magical glow.
The rock shatters into small pieces.
Aiming: Dig
Press: ? - help, Shift-Dir - straight line A rock wall.
This square is covered in magical glow.
The rock shatters into small pieces.
A reaper comes into view. It is wielding a +2 scythe of freezing.
Grimold roars a battlecry!
Bogward goes into a battle-frenzy!
The reaper hits you with a +2 scythe of freezing!!
The reaper freezes you.
You slice the reaper with your +9 demon blade of electrocution!!
The reaper is heavily wounded.
You hit the reaper but do no damage.
You slice the reaper with your +9 demon blade of electrocution!!
The reaper is almost dead.
You hit the reaper with your +5 vampiric double sword.
Bogward is invigorated by your prowess. The reaper hits you but does no damage.
You hit the reaper but do no damage.
The reaper is almost dead.
You closely miss the reaper with your +5 vampiric double sword.
You slice the reaper with your +9 demon blade of electrocution!!
You kill the reaper!
Beogh accepts your kill.
Unknown command.
There is a staircase leading out of the dungeon here.
You have escaped!

Skill      XL: |  1  2  3  4  5  6  7  8  9 10 11 12 13 14 15 16 17 18 19 20 21 22 23 24 25 26 27 |
---------------+----------------------------------------------------------------------------------+-----
Long Blades    | 4 5 6 7 9 10 12 14 16 17 | 17.0
Fighting       | 5 6 7 8 10 11 13 15 16 19 21 22 25 | 25.8
Translocations | 4 5 7 9 11 14 15 17 19 20 | 20.0
Dodging        | 5 7 9 10 | 10.0
Armour         | 5 7 9 10 11 13 14 16 | 16.0
Throwing       | 3 |  3.0
Evocations     | 2 3 6 |  6.0
Invocations    | 3 5 6 7 9 12 13 15 | 15.0
Spellcasting   | 3 5 7 9 10 12 | 12.0
Air Magic      | 7 8 9 11 12 14 16 | 16.0
Stealth        | 3 |  3.0

Action                     |  1- 3 |  4- 6 |  7- 9 | 10-12 | 13-15 | 16-18 | 19-21 | 22-24 | 25-27 || total
---------------------------+-------+-------+-------+-------+-------+-------+-------+-------+-------++-------
  Melee: Long sword        |    32 |    53 |    48 |       |       |       |       |       |       ||   133
         Demon blade       |    23 |    64 |   122 |   324 |   391 |   935 |   910 |   727 |   953 ||  4449
         Falchion          |       |       |    60 |   305 |   368 |   293 |       |       |       ||  1026
         Scimitar          |       |       |       |       |       |   583 |       |       |       ||   583
         Double sword      |       |       |       |       |       |    27 |   880 |   719 |   939 ||  2565
  Throw: Throwing net      |       |     1 |     1 |       |       |       |       |       |       ||     2
         Dart              |       |       |    11 |    25 |       |       |       |       |       ||    36
         Javelin           |       |       |       |       |       |       |     1 |       |       ||     1
   Cast: Blink             |       |       |       |     1 |     1 |       |       |       |       ||     2
         Vhi's Electric Ch |       |       |       |       |    40 |    78 |    16 |    53 |    64 ||   251
         Manifold Assault  |       |       |       |       |       |   291 |   438 |   214 |   170 ||  1113
         Apportation       |       |       |       |       |       |       |     3 |       |       ||     3
 Invoke: Convert to Beogh  |       |       |     1 |       |       |       |       |       |       ||     1
         Recruit Apostle   |       |       |       |     2 |     1 |     2 |     3 |     2 |     1 ||    11
         Smiting           |       |       |       |       |     2 |     8 |     6 |     1 |     4 ||    21
         Recall Apostles   |       |       |       |       |     2 |    13 |     9 |     9 |    31 ||    64
         Dismiss Apostle   |       |       |       |       |       |     2 |     3 |     2 |     1 ||     8
         Blood for Blood   |       |       |       |       |       |       |       |     1 |     1 ||     2
  Evoke: Wand              |       |       |       |     4 |     7 |    11 |       |       |     3 ||    25
    Use: Scroll            |       |     5 |    11 |     9 |    11 |     9 |     4 |     8 |    10 ||    67
         Potion            |       |     2 |     1 |     3 |     5 |     1 |     4 |     6 |    19 ||    41
   Stab: Sleeping          |     2 |       |       |       |       |       |       |       |       ||     2
         Held in net/web   |       |       |     1 |       |       |       |       |       |       ||     1
         Paralysed         |       |       |       |     8 |       |       |       |       |       ||     8
         Distracted        |       |       |       |     1 |     5 |     9 |     7 |    13 |    18 ||    53
         Petrified         |       |       |       |       |    13 |       |       |       |       ||    13
         Petrifying        |       |       |       |       |     7 |       |       |       |       ||     7
         Invisible         |       |       |       |       |       |       |       |       |     2 ||     2
 Armour: Leather armour    |     7 |    24 |       |       |       |       |       |       |       ||    31
         Skin              |       |     8 |    17 |       |       |       |       |       |       ||    25
         Scale mail        |       |     2 |    52 |   203 |   177 |   259 |   153 |   147 |       ||   993
         Gold dragon scale |       |       |       |       |       |       |       |    80 |   724 ||   804
  Dodge: Dodged            |    15 |    18 |    56 |   195 |   276 |   457 |   176 |   207 |   169 ||  1569
  Block: Other             |       |       |       |       |       |    46 |    38 |    42 |    82 ||   208
         Reflection        |       |       |       |       |       |     7 |     8 |     3 |     1 ||    19

Levels and vault maps discovered:
D:1:      minmay_arrival_stone_box, layout_basic, minmay_ruptured
D:2:      layout_basic, minmay_hedge_maze, uniq_natasha
D:3:      layout_loops_cross, serial_shops, shop, shop, gup_sewer_entry_bowl,
          st_stairs_6
D:4:      layout_basic
D:5:      layout_basic, old_standard_altar, serial_shops, shop, minivault_1,
          st_stairs_8, uniq_edmund
D:6:      layout_loops_ring, enter_ossuary_3, minmay_shop_mass,
          uniq_prince_ribbit1
D:7:      layout_gridville, temple_green, minmay_hollow_rounded_squares
D:8:      layout_cave_pools, uniq_maurice
D:9:      minmay_blocky_corners, layout_loops_ring,
          mainiacjoe_overflow_catwalk_spiral, david_lair_generic
D:10:     layout_rooms
D:11:     layout_basic, minmay_orc_entry_temple_large
D:12:     minmay_the_grid_square_5x5_5x5 [minmay_the_grid_square_5x5_checkered,
          minmay_the_grid_square_5x5_eight_small,
          minmay_the_grid_square_5x5_two_walls_b,
          minmay_the_grid_square_5x5_eight,
          minmay_the_grid_square_5x5_checkered_statues,
          minmay_the_grid_square_5x5_bridge,
          minmay_the_grid_square_5x5_prize_waves,
          minmay_the_grid_square_5x5_bite,
          minmay_the_grid_square_5x5_prize_open,
          minmay_the_grid_square_5x5_three_small,
          minmay_the_grid_square_5x5_three_walls,
          minmay_the_grid_square_5x5_two_small,
          minmay_the_grid_square_5x5_prize_open,
          minmay_the_grid_square_5x5_moneybag, minmay_the_grid_square_5x5_six,
          minmay_the_grid_square_5x5_plus,
          minmay_the_grid_square_5x5_prize_junk,
          minmay_the_grid_square_5x5_lines,
          minmay_the_grid_square_5x5_prize_open,
          minmay_the_grid_square_5x5_intrusive_squares,
          minmay_the_grid_square_5x5_checkered_sparse,
          minmay_the_grid_square_5x5_seven,
          minmay_the_grid_square_5x5_bracketed,
          minmay_the_grid_square_5x5_inner_i,
          minmay_the_grid_square_5x5_hourglass], layout_irregular_city,
          serial_shops, nicolae_shop_overgrown_old_shop,
          nicolae_shop_gibbet_a_chance, nicolae_shop_stone, uniq_kirke
D:13:     layout_roguey, ximxim_vaults_locker_room
D:14:     layout_rooms, nicolae_twisting_strands, serial_co_window_serial,
          co_window_corner_a, co_window_of_opportunity_a, co_window_corner_a,
          co_window_paths_b, co_window_of_opportunity_a, co_window_broadway_c,
          co_window_unsneaky_path_c, co_window_unsneaky_path_a,
          co_window_broadway_b, glass_columns_a, glass_columns_a,
          glass_columns_a, glass_columns_c, glass_columns_b,
          gammafunk_ghost_crypt, special_room [special_room_bee]
D:15:     hangedman_depths_entry_try_elsewhere_first, layout_basic,
          serial_park_avenue1, minmay_misc_feat_secret_circle,
          nicolae_alphabet_shops
Lair:1:   layout_cave_pods, minivault_27, lemuel_fruit_fields,
          infiniplex_staircase_pool_2
Lair:2:   gammafunk_cloud_chamber, layout_regular_city,
          nicolae_snake_entry_warm_welcome, st_stairs_13
Lair:3:   layout_cave_pods, nicolae_shoals_entry_roost, uniq_snorg
Lair:4:   layout_hall_layers, serial_bayou_shore_b
Lair:5:   grunt_lair_end_beastmaster, layout_loops_ring, slime_entry_1,
          ebering_ghost_xom, uniq_rupert
Shoals:1: layout_shoals
Shoals:2: layout_shoals, nicolae_shoals_secluded_bog
Shoals:3: layout_shoals, gammafunk_ghost_tricky_traps, serial_shops,
          nicolae_shop_hallway_stairs, uniq_donald
Shoals:4: shoals_end_simple, layout_shoals, nicolae_shoals_loop_pool
Snake:1:  layout_cave_shapes, drop_trap, minmay_shop_grove,
          nicolae_triple_integral, uniq_nikola, uniq_jorgrun
Snake:2:  layout_misc_corridors, serial_shops, shop,
          nicolae_shop_window_shopping, nicolae_shop_back_alley_shop,
          nicolae_shop_drivethru, serial_bayou_shore_a
Snake:3:  gammafunk_sealed_arena, layout_gridlike, serial_corexii_hall,
          chequers_hall_statues_corner_a, corexii_hall_statues_l,
          corexii_hall_statues_u, chequers_hall_statues_y
Snake:4:  snake_pit_salamanders_mu, layout_cave_town
Orc:1:    layout_caves, gammafunk_ghost_split, uniq_fannar, uniq_josephine
Orc:2:    st_orc_open, layout_caves, serial_shops,
          nicolae_shop_advertising_works [nicolae_subvault_shop_adworks],
          dreamdust_deal_with_the_devil
Elf:1:    minmay_elf_arrival_circle, layout_geoelf_diagonals,
          hangedman_elf_disciples, grunt_megastairs_3
Elf:2:    nicolae_elf_blades_crystal_corner, layout_geoelf_diagonals,
          gammafunk_ghost_fury_of_okawaru, serial_shops,
          nicolae_shop_bloodbath_and_beyond, uniq_zenata, uniq_saint_roka
Elf:3:    minmay_elf_hall_curves, layout_geoelf_grid,
          ebering_ghost_reflecting_pool, serial_sigils,
          serial_sigils_hangedman_gut, serial_sigils_hangedman_shear,
          serial_sigils_hangedman_gut, serial_sigils_hangedman_quiver,
          serial_sigils_hangedman_quiver, serial_library_hellmonk_hallway_a
Vaults:1: v_misc_29, grunt_vaults_hallway_short, ontoclasm_vaults_chip,
          vaults_room_semicircle, vaults_mumra_chevron_long,
          lightli_orcish_oven, vaults_standard_mumra_enter_the_diamond,
          nicolae_vaults_ninety_degrees, nicolae_vaults_specimen_jars,
          nicolae_vaults_frosty_reception, nicolae_vaults_trapezoid_1,
          ontoclasm_vaults_gateway, nicolae_vaults_house_1,
          layout_vaults_omnibox, enter_trove_0, uniq_norris
Vaults:2: nicolae_vaults_sesquioval_fish, door_vault, vaults_room_pools,
          v_misc_8, vaults_standard_mumra_enter_the_diamond,
          hangedman_vaults_unwind, nicolae_vaults_alarming,
          ontoclasm_vaults_shuriken, nicolae_vaults_two_Ls,
          vaults_standard_mumra_enter_the_diamond, nicolae_vaults_mitosis,
          grunt_vaults_diagonal, nicolae_vaults_prndl, vaults_room_hallway,
          layout_vaults_maze
Vaults:3: nicolae_vaults_windows_and_doors_thing, nicolae_vaults_tetromino_L_2,
          nicolae_vaults_tetromino_Z_1, vaults_mumra_minichess, v_misc_16,
          v_misc_14, vaults_room_pool, st_cells, blue_anna_dwarven_crypt,
          nicolae_vaults_taking_the_gang_shopping, nicolae_vaults_house_1,
          layout_vaults_omnigrid, serial_shops, shop
Vaults:4: ebering_ghost_inner_flame, lemuel_angel_altar,
          nicolae_vaults_network_star, nicolae_vaults_closet_pinwheel_1,
          nicolae_vaults_trapezoid_lopsided_2, nicolae_vaults_tetromino_L_2,
          nicolae_vaults_storage_closets_3, nicolae_vaults_surprise_closet,
          layout_vaults_chaotic_city, serial_shops, shop, uniq_xtahua
Vaults:5
Depths:1: layout_gridlike, grunt_pan_entry_spiral, hell_entry, serial_shops,
          nicolae_shop_rolling_square, serial_sigils_hangedman_snap,
          mu_enter_wizlab_2, nemelex_diamond_rough_becter
Depths:2: minmay_ornate_pinched, layout_cave_shapes, pan_entry, pf_coc_iceberg,
          uniq_boris
Depths:3: lemuel_river_lethe, hell_entry, abyss_entry
Depths:4: grunt_twist_and_shout, layout_honeycomb, enter_ziggurat_f,
          fedhas_altar_fruit_tree, hell_entry, uniq_mennas
Zot:1:    layout_basic, hangedman_zot_gyre, st_large_dragon_hoard_4
Zot:2:    gammafunk_sealed_library, layout_basic, gammafunk_ghost_arena
Zot:3:    layout_misc_corridors, grunt_megastairs_4
Zot:4:    grunt_deathspiral_small, layout_concentric_octagons
Zot:5:    layout_twisted_circle, gammafunk_ghost_grave

Notes
Turn   | Place    | Note
-------+----------+-------------------------------------------
     0 | D:1      | Drazool the Coglin Gladiator began the quest for the Orb.
     0 | D:1      | Reached XP level 1. HP: 16/16 MP: 1/1
   213 | D:1      | Reached XP level 2. HP: 22/22 MP: 2/2
   411 | D:1      | Reached skill level 4 in Long Blades
   682 | D:2      | Reached XP level 3. HP: 27/27 MP: 3/3
  1125 | D:2      | Noticed Natasha
  1129 | D:2      | Killed Natasha
  1130 | D:2      | Reached skill level 5 in Long Blades
  1130 | D:2      | Reached XP level 4. HP: 33/33 MP: 4/4
  1146 | D:2      | Noticed Natasha
  1149 | D:2      | Killed Natasha
  1180 | D:2      | Noticed Natasha
  1189 | D:2      | Killed Natasha
  1190 | D:2      | Reached XP level 5. HP: 11/38 MP: 5/5
  1522 | D:3      | Found a glowing drain.
  1526 | Sewer    | Entered a sewer
  1569 | Sewer    | Noticed Pargi
  1579 | Sewer    | Killed Pargi
  1580 | Sewer    | Reached skill level 6 in Long Blades
  1580 | Sewer    | Reached XP level 6. HP: 30/44 MP: 6/6
  1807 | D:3      | You fall into a shaft and drop 3 floors!
  1909 | D:6      | Identified the +4 scale mail "Emmanne" {rN+ Str+5 Dex+2}
  1923 | D:6      | Reached skill level 7 in Long Blades
  2065 | D:6      | Found a sand-covered staircase.
  2069 | Ossuary  | Entered an ossuary
  2209 | Ossuary  | Noticed a laughing skull
  2231 | Ossuary  | Noticed a laughing skull
  2240 | Ossuary  | Reached XP level 7. HP: 50/50 MP: 7/7
  2243 | Ossuary  | Reached skill level 8 in Long Blades
  2415 | D:6      | Found Vyohar's Mass Market.
  2440 | D:5      | Entered Level 5 of the Dungeon
  2721 | D:5      | Reached skill level 9 in Long Blades
  2909 | D:5      | Reached XP level 8. HP: 50/56 MP: 8/8
  3057 | D:5      | Identified a scroll of acquirement
  3302 | D:3      | Reached skill level 10 in Long Blades
  3374 | D:3      | Found Paty Kaineo's Weapon Shop.
  3484 | D:3      | Acquired a manual of Translocations
  3507 | D:3      | Learned a level 1 spell: Apportation
  3510 | D:3      | Learned a level 2 spell: Lesser Beckoning
  3620 | D:3      | Found Kaylitiu's Jewellery Boutique.
  3628 | D:3      | Bought a ring of see invisible for 180 gold pieces
  3664 | D:3      | Identified the +1 dagger "Cetwaghu" {venom, rElec}
  3872 | D:4      | Reached skill level 3 in Fighting
  4213 | D:5      | Noticed Edmund
  4224 | D:5      | Killed Edmund
  4225 | D:5      | Reached skill level 4 in Fighting
  4236 | D:5      | Found a white marble altar of Elyvilon.
  4446 | D:5      | Reached skill level 5 in Fighting
  4446 | D:5      | Reached skill level 1 in Translocations
  4472 | D:5      | Found Xinuhyxt's Antique Armour Shop.
  4623 | D:5      | Reached skill level 2 in Translocations
  4921 | D:6      | Reached skill level 3 in Translocations
  4934 | D:6      | Noticed Prince Ribbit
  4986 | D:6      | Reached skill level 4 in Translocations
  4986 | D:6      | Reached XP level 9. HP: 68/68 MP: 9/9
  5014 | D:6      | Reached skill level 5 in Translocations
  5014 | D:6      | Reached skill level 3 in Dodging
  5070 | D:6      | Reached skill level 4 in Dodging
  5287 | D:6      | Killed Prince Ribbit
  5288 | D:6      | Reached skill level 5 in Dodging
  5303 | D:6      | Reached skill level 1 in Armour
  5352 | D:6      | Reached skill level 2 in Armour
  5850 | D:7      | Found a large runed translucent door.
  5851 | D:7      | Found a large runed translucent door.
  5856 | D:7      | Noticed a manticore
  5856 | D:7      | Noticed a skeletal warrior
  5876 | D:7      | Noticed a two-headed ogre
  5883 | D:7      | Killed a two-headed ogre
  5884 | D:7      | Reached skill level 5 in Armour
  5884 | D:7      | Reached skill level 2 in Throwing
  5895 | D:7      | Identified the +5 longbow "Vuhicok" {antimagic, SInv}
  5950 | D:7      | Reached skill level 3 in Throwing
  5954 | D:7      | Became a worshipper of Beogh the Shepherd
  6004 | D:7      | Reached skill level 2 in Evocations
  6006 | D:7      | Reached XP level 10. HP: 62/74 MP: 10/10
  6131 | D:7      | Reached skill level 3 in Evocations
  6149 | D:7      | Reached skill level 1 in Invocations
  6224 | D:7      | Found a staircase to the Ecumenical Temple.
  6533 | D:7      | Reached skill level 2 in Invocations
  6616 | D:7      | Found a large runed translucent door.
  6616 | D:7      | Found a large runed translucent door.
  6664 | D:7      | Reached skill level 3 in Invocations
  6803 | D:7      | Reached * piety under Beogh
  7006 | D:7      | Identified the +6 great mace of Valuable Assets {pain,
                  | rF+++ rC+ rCorr Int-3}
  7242 | D:8      | Noticed Maurice
  7256 | D:8      | Paralysed by Maurice for 2 turns
  7260 | D:8      | Killed Maurice
  7261 | D:8      | Reached skill level 11 in Long Blades
  7937 | D:9      | Reached skill level 12 in Long Blades
  7975 | D:9      | Reached skill level 6 in Fighting
  7982 | D:9      | Reached XP level 11. HP: 83/83 MP: 13/13
  8001 | D:9      | Found a staircase to the Lair.
  8195 | D:9      | Noticed a two-headed ogre
  8195 | D:9      | Noticed a cyclops
  8195 | D:9      | Noticed a centaur warrior
  8208 | D:9      | Killed a centaur warrior
  8209 | D:9      | Reached skill level 7 in Fighting
  8502 | D:9      | Found a bloodstained altar of Trog.
  8516 | D:9      | Reached skill level 6 in Dodging
  8522 | D:9      | Found a stormy altar of Qazlal.
  8526 | D:9      | Reached ** piety under Beogh
  8892 | D:10     | Entered Level 10 of the Dungeon
  8903 | D:10     | Reached skill level 7 in Dodging
  8928 | D:10     | Learned a level 2 spell: Blink
  8953 | D:9      | Reached skill level 1 in Spellcasting
  9003 | D:9      | Killed a cyclops
  9003 | D:9      | Noticed a purple ugly thing
  9004 | D:9      | Reached skill level 2 in Spellcasting
  9007 | D:9      | Killed a purple ugly thing
  9228 | D:9      | Reached skill level 3 in Spellcasting
  9280 | D:10     | Noticed a cyclops
  9364 | D:10     | Killed a cyclops
  9365 | D:10     | Reached skill level 6 in Translocations
  9604 | D:10     | Noticed a two-headed ogre
  9617 | D:10     | Killed a two-headed ogre
  9618 | D:10     | Reached skill level 7 in Translocations
  9698 | D:10     | Reached skill level 4 in Invocations
  9878 | D:10     | Reached skill level 5 in Invocations
 10187 | Lair:1   | Entered Level 1 of the Lair of Beasts
 10231 | Lair:1   | Reached XP level 12. HP: 91/91 MP: 16/16
 10371 | Lair:1   | Reached skill level 6 in Armour
 10991 | Lair:1   | Reached skill level 7 in Armour
 11069 | Lair:1   | Reached *** piety under Beogh
 11095 | Lair:1   | Identified the +1 robe of Trial and Error {*Corrode rN+
                  | Slay+3}
 11110 | Lair:1   | Anointed Olfrun the wizard as your apostle
 11401 | Lair:2   | Reached skill level 13 in Long Blades
 11440 | Lair:2   | Anointed Wargath the warrior as your apostle
 11529 | Lair:2   | Noticed a five-headed hydra
 11542 | Lair:2   | Killed a five-headed hydra
 11753 | Lair:2   | Found a staircase to the Snake Pit.
 11764 | Lair:2   | Reached skill level 14 in Long Blades
 11879 | Lair:2   | Identified the +1 ring mail of Founezi {Int+3}
 11894 | Lair:2   | Found a transporter.
 11968 | Lair:2   | Found a transporter.
 12335 | Lair:3   | Found a staircase to the Shoals.
 12336 | Lair:3   | Noticed Snorg
 12339 | Lair:3   | Reached skill level 6 in Invocations
 12346 | Lair:3   | Killed Snorg
 12346 | Lair:3   | Reached **** piety under Beogh
 12510 | Lair:3   | Reached XP level 13. HP: 93/96 MP: 18/18
 12512 | Lair:3   | Reached skill level 7 in Invocations
 12672 | Lair:3   | Reached skill level 4 in Evocations
 12742 | Lair:3   | Identified the +6 rapier "Micohyil" {flame, rN+ rCorr
                  | Dex+3}
 12747 | Lair:3   | Reached skill level 5 in Evocations
 12811 | Lair:3   | Reached skill level 6 in Evocations
 12919 | Lair:3   | You fall into a shaft and drop 2 floors!
 12919 | Lair:5   | Entered Level 5 of the Lair of Beasts
 12921 | Lair:5   | Reached skill level 8 in Translocations
 12978 | Lair:5   | Reached skill level 9 in Translocations
 13042 | Lair:4   | Reached skill level 8 in Fighting
 13105 | Lair:3   | Got Lubbaluu's Volume of the Manifold
 13157 | Lair:3   | Learned a level 4 spell: Vhi's Electric Charge
 13537 | Lair:4   | Reached skill level 2 in Air Magic
 13542 | Lair:4   | Reached skill level 3 in Air Magic
 13542 | Lair:4   | Your ally Olfrun died
 13543 | Lair:4   | Your ally Wargath died
 13548 | Lair:4   | Reached skill level 4 in Air Magic
 13554 | Lair:4   | Reached skill level 5 in Air Magic
 13843 | Lair:4   | Identified the +9 dagger of the Owl {heavy, *Slow rF+
                  | Dex+3}
 13853 | Lair:4   | Anointed Gorg the wizard as your apostle
 13996 | Lair:4   | Reached ***** piety under Beogh
 14273 | Lair:5   | Noticed Rupert
 14275 | Lair:5   | Paralysed by Rupert for 3 turns
 14286 | Lair:5   | Killed Rupert
 14287 | Lair:5   | Reached skill level 6 in Air Magic
 14477 | Lair:5   | Reached skill level 7 in Air Magic
 14560 | Lair:5   | Found a runed translucent door.
 14564 | Lair:5   | Found a shimmering altar of Xom.
 14564 | Lair:5   | Noticed jr88keys's ghost (journeyman MiFi)
 14572 | Lair:5   | Reached XP level 14. HP: 106/106 MP: 19/19
 14592 | Lair:5   | Identified a potion of experience
 14593 | Lair:5   | Reached skill level 11 in Translocations
 14593 | Lair:5   | Reached skill level 8 in Air Magic
 14593 | Lair:5   | Reached XP level 15. HP: 111/111 MP: 20/20
 14630 | Lair:5   | Found a staircase to the Slime Pits.
 14945 | Lair:5   | Reached skill level 9 in Air Magic
 14957 | Lair:5   | Your ally Gorg died
 14963 | Lair:5   | Reached skill level 12 in Translocations
 15032 | Lair:5   | Reached skill level 4 in Spellcasting
 15111 | Lair:5   | Identified the +2 robe of Nezoy {Harm}
 15543 | D:11     | Found a staircase to the Orcish Mines.
 15551 | D:11     | Found a roughly hewn altar of Beogh.
 15773 | D:11     | Reached skill level 5 in Spellcasting
 15936 | D:11     | Acquired the +1 pair of boots of Maxe {Will++}
 16659 | Orc:1    | Entered Level 1 of the Orcish Mines
 16664 | Orc:1    | Identified a +2 robe of resistance
 16664 | Orc:1    | Noticed Josephine
 16676 | Orc:1    | Killed Josephine
 16677 | Orc:1    | Reached skill level 9 in Fighting
 16820 | Orc:1    | Noticed Imyishutt's ghost (journeyman MiFi)
 16826 | Orc:1    | Found a runed translucent gate.
 16826 | Orc:1    | Found a runed translucent gate.
 16826 | Orc:1    | Found a runed translucent gate.
 16970 | Orc:1    | Noticed Fannar
 16973 | Orc:1    | Your ally Olfrun died
 16975 | Orc:1    | Your ally Gorg died
 16980 | Orc:1    | Killed Fannar
 16981 | Orc:1    | Reached skill level 13 in Translocations
 17451 | Orc:1    | Reached skill level 14 in Translocations
 17796 | Orc:2    | Entered Level 2 of the Orcish Mines
 17796 | Orc:2    | Found Huoczax's Assorted Antiques.
 17909 | Orc:2    | Reached skill level 8 in Dodging
 17923 | Orc:2    | Your ally Wargath died
 17930 | Orc:2    | Was placed under penance by Beogh
 17930 | Orc:2    | Fled from a divine trial
 18166 | Orc:1    | Reached skill level 9 in Dodging
 18440 | Orc:2    | Was forgiven by Beogh
 18588 | Orc:2    | Found Wusaubli's Antique Armour Boutique.
 18603 | Orc:2    | Found Icej's General Store.
 18604 | Orc:2    | Found Xoladowa's Distillery.
 18606 | Orc:2    | Bought a scroll of identify for 52 gold pieces
 18606 | Orc:2    | Bought a pair of runed gloves for 195 gold pieces
 18623 | Orc:2    | Found Joff's Antique Weapon Emporium.
 18626 | Orc:2    | Bought a potion of cancellation for 112 gold pieces
 18631 | Orc:2    | Bought a fading long sword for 314 gold pieces
 18631 | Orc:2    | Identified the +0 long sword "Wetoc" {flame, Int+7} (You
                  | bought it in a shop on level 2 of the Orcish Mines)
 18783 | Orc:2    | Found a staircase to the Elven Halls.
 19151 | D:12     | Reached skill level 10 in Fighting
 19345 | D:12     | Reached XP level 16. HP: 112/122 MP: 23/23
 19358 | D:12     | Reached ****** piety under Beogh
 19381 | D:12     | Reached skill level 11 in Fighting
 19825 | D:12     | Identified the staff of Hunabion {rF+ rCorr Fire}
 19887 | D:12     | Your ally Gorg died
 19890 | D:12     | Reached skill level 8 in Invocations
 20075 | D:12     | Identified the staff of a Billion Xeniums {rElec rPois rC+
                  | Ice}
 20110 | D:12     | Got the Quarto of Hail and the Alkahest
 20222 | D:12     | Found Xynuag's Distillery.
 20224 | D:12     | Found Bominah's Antique Armour Shoppe.
 20224 | D:12     | Noticed Kirke
 20238 | D:12     | Killed Kirke
 20243 | D:12     | Bought a potion of curing for 30 gold pieces
 20328 | D:12     | Reached skill level 9 in Invocations
 20609 | D:12     | Found Mecsuorr's Distillery.
 21148 | D:13     | Reached skill level 8 in Armour
 21427 | D:13     | Reached skill level 9 in Armour
 21427 | D:13     | Reached skill level 1 in Stealth
 21436 | D:13     | Reached skill level 2 in Stealth
 21593 | D:13     | Found a gate to the Vaults.
 21853 | D:14     | Found a runed translucent gate.
 21853 | D:14     | Found a runed translucent gate.
 21856 | D:14     | Found a runed translucent gate.
 21856 | D:14     | Found an ancient bone altar of Kikubaaqudgha.
 21856 | D:14     | Noticed a lich
 21856 | D:14     | Noticed a lich
 21856 | D:14     | Noticed a lich
 21856 | D:14     | Noticed a lich
 21857 | D:14     | Noticed Ywummuh's ghost (journeyman HOFi)
 21916 | D:14     | Reached skill level 3 in Stealth
 22310 | D:14     | Reached skill level 6 in Spellcasting
 22340 | D:14     | Identified a +1 robe of resistance
 22366 | D:14     | Anointed Wulfoc the priest as your apostle
 23113 | D:15     | Entered Level 15 of the Dungeon
 23283 | D:15     | Found Baiculi's Bounteous Boutique.
 23288 | D:15     | Bought a scroll of brand weapon for 104 gold pieces
 23288 | D:15     | Bought a scroll of blinking for 82 gold pieces
 23288 | D:15     | Bought a potion of berserk rage for 55 gold pieces
 23512 | D:15     | Reached skill level 7 in Spellcasting
 23783 | D:15     | Reached XP level 17. HP: 124/131 MP: 27/27
 24306 | D:15     | Found a staircase to the Depths.
 24311 | D:15     | Reached skill level 10 in Air Magic
 24737 | Snake:1  | Entered Level 1 of the Snake Pit
 25082 | Snake:1  | Found Inworheck's Jewellery Shoppe.
 25084 | Snake:1  | Found Deih's Book Shop.
 25085 | Snake:1  | Found Ykicw's Jewellery Shoppe.
 25093 | Snake:1  | Bought a book of the Warp for 714 gold pieces
 25098 | Snake:1  | Learned a level 4 spell: Manifold Assault
 25149 | Snake:1  | Noticed Nikola
 25156 | Snake:1  | Noticed Jorgrun
 25158 | Snake:1  | Killed Nikola
 25173 | Snake:1  | Killed Jorgrun
 25174 | Snake:1  | Reached skill level 11 in Air Magic
 26112 | Snake:2  | Found Teumotab's Magic Scroll Shop.
 26619 | Snake:2  | Found Gipie's Assorted Antiques.
 26639 | Snake:2  | Reached skill level 15 in Translocations
 26788 | Snake:2  | Found Xible's Antique Armour Boutique.
 26883 | Snake:2  | Found a transporter.
 26982 | Snake:2  | Found a transporter.
 26985 | Snake:2  | Found Xiuliten's Jewellery Emporium.
 27392 | Snake:3  | Found a transporter.
 27399 | Snake:3  | Found a transporter.
 27527 | Snake:3  | Reached skill level 8 in Spellcasting
 28693 | Snake:4  | Entered Level 4 of the Snake Pit
 28713 | Snake:4  | Reached skill level 9 in Spellcasting
 29728 | Snake:3  | Anointed Murdo the warrior as your apostle
 30269 | Snake:4  | Reached XP level 18. HP: 138/138 MP: 11/31
 30277 | Snake:4  | Reached skill level 10 in Spellcasting
 31076 | Snake:4  | Reached skill level 12 in Fighting
 31401 | Snake:4  | Your ally Wargath died
 31864 | Snake:4  | Reached skill level 13 in Fighting
 32311 | Snake:4  | Got a serpentine rune of Zot
 32567 | Shoals:1 | Entered Level 1 of the Shoals
 32815 | Shoals:1 | Reached skill level 10 in Invocations
 33895 | Shoals:1 | Reached skill level 11 in Invocations
 34841 | Shoals:2 | Identified the ring of Xeops {rN+ Slay+4}
 35115 | Snake:2  | Bought a scroll of acquirement for 832 gold pieces
 35115 | Snake:2  | Acquired a +1 double sword of protection
 35574 | Shoals:2 | Reached skill level 12 in Invocations
 35590 | Shoals:2 | Reached XP level 19. HP: 113/149 MP: 16/33
 36621 | Shoals:3 | Anointed Bolgrim the priest as your apostle
 36784 | Shoals:3 | Noticed Donald
 36789 | Shoals:3 | Killed Donald
 36904 | Shoals:3 | Found Veicoj's Weapon Emporium.
 36917 | Shoals:3 | Found a runed translucent gate.
 36917 | Shoals:3 | Found a runed translucent gate.
 36921 | Shoals:3 | Found a runed translucent gate.
 36927 | Shoals:3 | Noticed Usob's ghost (journeyman OnGl)
 37228 | Shoals:3 | Reached skill level 13 in Invocations
 38104 | Shoals:3 | Identified the +0 plate armour of Brilliance {-Cast rElec
                  | Regen+ SInv}
 38317 | Shoals:3 | Identified the +0 cloak "Feam" {Dex+2}
 38352 | Shoals:4 | Entered Level 4 of the Shoals
 39015 | Shoals:4 | Reached skill level 16 in Translocations
 39452 | Shoals:4 | Identified the ring "Xazamp" {Fire rElec Int+3}
 39932 | Shoals:4 | Got a barnacled rune of Zot
 40126 | Elf:1    | Entered Level 1 of the Elven Halls
 40504 | Elf:1    | Reached skill level 17 in Translocations
 40805 | Elf:1    | Paralysed by an air elemental for 1 turns
 41667 | Elf:1    | Reached skill level 10 in Armour
 41975 | Elf:2    | Noticed Zenata
 41983 | Elf:2    | Killed Zenata
 42110 | Elf:2    | Found a runed translucent gate.
 42110 | Elf:2    | Found a runed translucent gate.
 42111 | Elf:2    | Found a runed translucent gate.
 42119 | Elf:2    | Noticed Triskal's ghost (adept OnGl)
 42122 | Elf:2    | Found an iron altar of Okawaru.
 42241 | Elf:2    | Found a runed translucent gate.
 42242 | Elf:2    | Found a runed translucent gate.
 42242 | Elf:2    | Found a runed translucent gate.
 42411 | Elf:2    | Found Zamiavaniun's Weapon Emporium.
 42539 | Elf:2    | Identified the +0 robe of Midsummer {SInv Archmagi}
 42548 | Elf:2    | Reached XP level 20. HP: 150/156 MP: 14/34
 42582 | Elf:2    | Anointed Ognian the wizard as your apostle
 42585 | Elf:2    | Reached skill level 11 in Armour
 42903 | Elf:3    | Entered Level 3 of the Elven Halls
 43044 | Elf:3    | Identified the +6 chain mail of Beyond {Harm}
 43626 | Elf:3    | Found a runed translucent door.
 43719 | Elf:3    | Noticed greynaab's ghost (adept MDBe)
 43880 | Elf:3    | Reached skill level 14 in Fighting
 44267 | Elf:3    | Your ally Bolgrim died
 44288 | Elf:3    | Reached skill level 15 in Fighting
 44507 | Elf:3    | Identified the ring "Ecia" {*Slow Int+5 Dex+3 SInv}
 44512 | Elf:3    | Identified the +10 halberd of the Riding Scavenger
                  | {antimagic, ^Drain rElec rF+ rCorr}
 44518 | Elf:3    | Got the Information on Destiny
 44659 | Elf:3    | Identified the staff "Saijuynt" {rElec Dex+4 Summ Ice Air}
 44660 | Elf:3    | Identified the staff of a Billion Runes {rElec rF+++ Str+4
                  | Int-4 Fire Air}
 44665 | Elf:3    | Got the Encyclopedia of Decompression
 44666 | Elf:3    | Identified the +2 sling "Qiucw" {flame, Dex+3 Stlth+}
 44681 | Elf:3    | Identified the +9 battleaxe of Jososidy {freeze, rF+ MP+9
                  | Str+6 Dex+2}
 44690 | Elf:3    | Identified the +1 leather armour "Oxzew" {rN++ Str+3 Slay-2
                  | Stlth+}
 44700 | Elf:3    | Identified the +10 lajatang "Zohaijer" {freeze, rElec MP+9
                  | Dex+2}
 44703 | Elf:3    | Identified the staff of Midnight {*Slow rPois Dex+3 Summ
                  | Alchemy}
 45265 | Vaults:1 | Entered Level 1 of the Vaults
 45294 | Vaults:1 | Reached skill level 15 in Long Blades
 45420 | Vaults:1 | Found a portal to a secret trove of treasure.
 45498 | Vaults:1 | Your ally Ognian died
 46066 | Vaults:1 | Reached skill level 16 in Long Blades
 46071 | Vaults:1 | Your ally Ognian died
 46260 | Vaults:1 | Noticed Norris
 46269 | Vaults:1 | Killed Norris
 46270 | Vaults:1 | Reached XP level 21. HP: 129/168 MP: 12/35
 46710 | Vaults:1 | Reached skill level 12 in Armour
 47570 | Vaults:2 | Reached skill level 13 in Armour
 47591 | Vaults:2 | Identified the +4 leather armour "Rimurgha" {rC+++ Int+3
                  | Dex-5}
 47598 | Vaults:2 | Anointed Morguth the priest as your apostle
 47822 | Vaults:2 | Found a huge runed translucent gate.
 47822 | Vaults:2 | Found a huge runed translucent gate.
 47822 | Vaults:2 | Found a huge runed translucent gate.
 47822 | Vaults:2 | Found a huge runed translucent gate.
 47822 | Vaults:2 | Found a huge runed translucent gate.
 47822 | Vaults:2 | Found a huge runed translucent gate.
 47822 | Vaults:2 | Found a huge runed translucent gate.
 47823 | Vaults:2 | Found a huge runed translucent gate.
 47823 | Vaults:2 | Found a huge runed translucent gate.
 47823 | Vaults:2 | Found a huge runed translucent gate.
 47823 | Vaults:2 | Found a huge runed translucent gate.
 47823 | Vaults:2 | Found a huge runed translucent gate.
 47824 | Vaults:2 | Found a huge runed translucent gate.
 47824 | Vaults:2 | Found a huge runed translucent gate.
 47825 | Vaults:2 | Found a huge runed translucent gate.
 47825 | Vaults:2 | Found a huge runed translucent gate.
 47829 | Vaults:2 | Found a huge runed translucent gate.
 47830 | Vaults:2 | Found a huge runed translucent gate.
 47831 | Vaults:2 | Found a huge runed translucent gate.
 47831 | Vaults:2 | Found a huge runed translucent gate.
 48134 | Vaults:2 | Found a huge runed translucent gate.
 48135 | Vaults:2 | Found a huge runed translucent gate.
 48136 | Vaults:2 | Found a huge runed translucent gate.
 48137 | Vaults:2 | Found a huge runed translucent gate.
 48137 | Vaults:2 | Found a huge runed translucent gate.
 48316 | Vaults:2 | Found a huge runed translucent gate.
 48317 | Vaults:2 | Found a huge runed translucent gate.
 48317 | Vaults:2 | Found a huge runed translucent gate.
 48317 | Vaults:2 | Found a huge runed translucent gate.
 48317 | Vaults:2 | Found a huge runed translucent gate.
 48319 | Vaults:2 | Found a huge runed translucent gate.
 48320 | Vaults:2 | Found a huge runed translucent gate.
 48321 | Vaults:2 | Found a huge runed translucent gate.
 48321 | Vaults:2 | Found a huge runed translucent gate.
 48326 | Vaults:2 | Found a huge runed translucent gate.
 48327 | Vaults:2 | Found a huge runed translucent gate.
 48487 | Vaults:2 | Reached skill level 18 in Translocations
 49868 | Vaults:3 | Found Alofoats's Assorted Antiques.
 50186 | Vaults:3 | Found Tioxkiuh's Weapon Emporium.
 50189 | Vaults:3 | Reached skill level 19 in Translocations
 50409 | Vaults:3 | Found a staircase to the Crypt.
 51233 | Vaults:4 | Found Madda's Distillery.
 51243 | Vaults:4 | Bought a potion of heal wounds for 85 gold pieces
 51263 | Vaults:4 | Reached skill level 16 in Fighting
 51263 | Vaults:4 | Reached XP level 22. HP: 178/178 MP: 36/36
 51380 | Vaults:4 | Noticed Xtahua
 51388 | Vaults:4 | Killed Xtahua
 51565 | Vaults:4 | Found a glowing silver altar of Zin.
 52225 | Vaults:4 | Reached skill level 17 in Fighting
 52575 | Vaults:4 | Anointed Zartorak the priest as your apostle
 52839 | Vaults:4 | Found a runed translucent door.
 52839 | Vaults:4 | Noticed Monkooky's ghost (adept MDMo)
 53211 | Depths:1 | Entered Level 1 of the Depths
 53253 | Depths:1 | Found Qipheg's Distillery.
 53560 | Depths:1 | Found a gateway to Hell.
 53753 | Depths:1 | Reached skill level 18 in Fighting
 54099 | Depths:1 | Found a sparkling altar of Nemelex Xobeh.
 54208 | Depths:1 | Found a one-way gate leading to the halls of Pandemonium.
 54858 | Depths:2 | Your ally Morguth died
 54873 | Depths:2 | Reached skill level 19 in Fighting
 55260 | Depths:2 | Identified the +2 robe "Lenuf" {Harm rF- rN+ Dex+3}
 55260 | Depths:2 | Noticed Boris
 55272 | Depths:2 | Killed Boris
 56180 | Depths:3 | Reached XP level 23. HP: 196/196 MP: 12/37
 56185 | Depths:3 | Reached skill level 20 in Fighting
 57112 | Depths:3 | Reached skill level 21 in Fighting
 57123 | Depths:3 | Identified the +3 halberd of Resourcefulness {freeze,
                  | Str+4}
 57137 | Depths:3 | Anointed Bogward the warrior as your apostle
 57390 | Depths:3 | Reached XP level 24. HP: 208/208 MP: 32/37
 57509 | Depths:3 | Reached skill level 14 in Armour
 57655 | Depths:3 | Noticed an ancient lich
 57663 | Depths:3 | Killed an ancient lich
 57738 | Depths:3 | Identified the +6 long sword "Yqaokap" {antimagic, Will+
                  | rCorr}
 57929 | Depths:3 | Identified the +0 pair of gloves of Valour {rPois Str+3}
 58020 | Depths:3 | Reached skill level 11 in Spellcasting
 58530 | Depths:3 | Your ally Morguth died
 58916 | Depths:3 | Found a one-way gate to the infinite horrors of the Abyss.
 59206 | Depths:3 | Identified the +11 falchion "Yqa Dius" {freeze, Str+4}
 59241 | Depths:3 | Identified the +2 leather armour of Omission {Harm rPois
                  | Dex+2}
 59409 | Depths:4 | Entered Level 4 of the Depths
 59768 | Depths:4 | Reached skill level 12 in Spellcasting
 59778 | Depths:4 | Identified the +1 ring mail of the Lusting Gods {Rampage
                  | rN+ Dex-5}
 60158 | Depths:4 | Noticed Mennas
 60164 | Depths:4 | Your ally Zartorak died
 60186 | Depths:4 | Killed Mennas
 60188 | Depths:4 | Reached skill level 12 in Air Magic
 60682 | Depths:4 | Reached XP level 25. HP: 214/214 MP: 39/39
 60704 | Depths:4 | Found a one-way gateway to a ziggurat.
 60738 | Depths:4 | Noticed a juggernaut
 60745 | Depths:4 | Killed a juggernaut
 60856 | Depths:4 | Found a gate to the Realm of Zot.
 61032 | Depths:4 | Found a blossoming altar of Fedhas.
 61589 | Vaults:5 | Entered Level 5 of the Vaults
 61627 | Vaults:5 | Reached skill level 13 in Air Magic
 61668 | Vaults:5 | Noticed a dread lich
 61680 | Vaults:5 | Killed a dread lich
 61681 | Vaults:5 | Reached skill level 14 in Air Magic
 61717 | Vaults:5 | Your ally Morguth died
 61723 | Vaults:5 | Found Fawk's Assorted Antiques.
 61744 | Vaults:5 | Bought a potion of heal wounds for 200 gold pieces
 61744 | Vaults:5 | Bought a scroll of enchant armour for 300 gold pieces
 62076 | Vaults:5 | Identified the +4 orcbow "Pumn" {speed, rC+}
 62082 | Vaults:5 | Reached skill level 20 in Translocations
 62265 | Vaults:5 | Found the amulet of the Four Winds {rN+ Will+++ Clar}
 62279 | Vaults:5 | Got a silver rune of Zot
 62539 | Vaults:5 | Reached skill level 15 in Armour
 62602 | Vaults:5 | Identified the +5 long sword "Bykao" {heavy, *Noise rN+++
                  | Int+4}
 63003 | Vaults:5 | Reached skill level 16 in Armour
 63004 | Vaults:5 | Upgraded the game from 0.32-a0-422-g28b100f618 to
                  | 0.32-a0-433-g08bcfe7efd
 63362 | Vaults:5 | Reached XP level 26. HP: 198/222 MP: 32/39
 63868 | Vaults:5 | Identified the scarf of Subjectivity {harm, rElec Will+
                  | Str+3}
 63989 | Vaults:4 | Anointed Grimold the warrior as your apostle
 64385 | D:7      | Identified the +1 ring mail "Ecziutam" {rElec}
 64590 | Zot:1    | Entered Level 1 of the Realm of Zot
 64782 | Zot:1    | Reached skill level 22 in Fighting
 64996 | Zot:1    | Your ally Grimold died
 66017 | Zot:1    | Noticed an electric golem
 66027 | Zot:1    | Killed an electric golem
 66241 | Zot:1    | Reached skill level 15 in Air Magic
 66676 | Zot:1    | Your ally Zartorak died
 66694 | Zot:1    | Identified the ring "Zeduohel" {rPois rF- rN+ Int+5}
 66694 | Zot:1    | Identified the +8 short sword "Sounliok" {flame, *Corrode
                  | rC- Int+8 Dex+8}
 66779 | Zot:1    | Identified the +2 dagger "Xaim" {flame, rN+}
 66802 | Zot:1    | Identified the dragon-blood talisman of the Cartwright
                  | {Will+ Str+4}
 66859 | Zot:1    | Identified the +1 leather armour of the Gravedigger {rElec
                  | rCorr}
 66979 | Zot:2    | Found a transporter.
 66981 | Zot:2    | Found a transporter.
 66981 | Zot:2    | Noticed Foeck's ghost (veteran TrCK)
 66983 | Zot:2    | Noticed an orb of fire
 67515 | Zot:2    | Reached skill level 16 in Air Magic
 67713 | Zot:2    | Found a transporter.
 67716 | Zot:2    | Found a radiant altar of Vehumet.
 67857 | Zot:3    | Noticed a curse toe
 67860 | Zot:3    | Killed a curse toe
 68221 | Zot:3    | Reached skill level 17 in Long Blades
 68245 | Zot:3    | Your ally Zartorak died
 68255 | Zot:3    | Your ally Bogward died
 68299 | Zot:3    | Reached skill level 10 in Dodging
 69387 | Zot:4    | Reached XP level 27. HP: 231/231 MP: 15/39
 69553 | Zot:4    | Reached skill level 14 in Invocations
 70373 | Zot:4    | Noticed an orb of fire
 70382 | Zot:4    | Your ally Bogward died
 71090 | Zot:4    | Noticed an electric golem
 71203 | Zot:4    | Killed an electric golem
 71204 | Zot:4    | Reached skill level 15 in Invocations
 71387 | Zot:4    | Gained mutation: You passively map a small area around you.
                  | [an orb of fire]
 71389 | Zot:4    | Gained mutation: Your magical capacity is low. (-10% MP)
                  | [an orb of fire]
 71393 | Zot:4    | Killed an orb of fire
 71427 | Zot:4    | Noticed a curse toe
 71441 | Zot:4    | Killed a curse toe
 72218 | Zot:5    | Entered Level 5 of the Realm of Zot
 72339 | Zot:5    | Reached skill level 23 in Fighting
 72703 | Zot:5    | Found a runed translucent door.
 72703 | Zot:5    | Noticed Tigajux's ghost (master OnAl)
 72826 | Zot:5    | Noticed a dread lich
 72989 | Zot:5    | Killed a dread lich
 73190 | Zot:5    | Noticed a dread lich
 73202 | Zot:5    | Noticed an electric golem
 73203 | Zot:5    | Killed a dread lich
 73203 | Zot:5    | Noticed an ancient lich
 73208 | Zot:5    | Noticed an orb of fire
 73214 | Zot:5    | Killed an ancient lich
 73215 | Zot:5    | Reached skill level 24 in Fighting
 73221 | Zot:5    | Killed an orb of fire
 73234 | Zot:5    | Killed an electric golem
 73599 | Zot:5    | Noticed an electric golem
 73611 | Zot:5    | Killed an electric golem
 73835 | Zot:5    | Noticed an orb of fire
 73841 | Zot:5    | Killed an orb of fire
 73965 | Zot:5    | Reached skill level 25 in Fighting
 73989 | Zot:5    | Noticed a dread lich
 73996 | Zot:5    | Killed a dread lich
 73998 | Zot:5    | Noticed a dread lich
 74001 | Zot:5    | Noticed an orb of fire
 74005 | Zot:5    | Your ally Zartorak died
 74006 | Zot:5    | Killed a dread lich
 74006 | Zot:5    | Killed an orb of fire
 74162 | Zot:5    | Got the Orb of Zot
 74289 | Zot:2    | Noticed a seraph
 74296 | Zot:1    | Noticed Gilag the pandemonium lord
 74307 | Zot:1    | Killed Gilag the pandemonium lord
 74349 | Depths:4 | Noticed Fateps the pandemonium lord
 74648 | D:$      | Escaped with the Orb!

Vanquished Creatures
  4 dread liches (Zot:5)
  2 ancient liches
  2 orbs of fire
  Xtahua (Vaults:4)
  Boris (Depths:2)
  6 Killer Klowns
  2 curse toes
  A pandemonium lord (Zot:1)
  12 golden dragons
  2 electric golems
  18 Orb Guardians (Zot:5)
  Jorgrun (Snake:1)
  3 titans (Vaults:5)
  An Ice Fiend (D:15)
  Rupert (Lair:5)
  18 tentacled monstrosities
  3 liches
  A walking divine tome (Depths:3)
  6 quicksilver dragons
  6 death cobs
  A deep elf blademaster (Elf:3)
  7 sphinxes
  Kirke (D:12)
  4 shadow dragons
  11 storm dragons
  4 tengu reavers
  Donald (Shoals:3)
  6 draconian knights
  2 draconian monks (Zot:5)
  2 iron dragons (Depths:3)
  3 nagarajas (Snake:4)
  6 frost giants
  5 draconian shifters
  3 draconian scorchers
  A protean progenitor (Zot:3)
  6 deep elf sorcerers
  3 ghost moths
  10 vault wardens
  4 deep elf elementalists (Elf:3)
  2 fire giants
  A reaper (D:1)
  2 spectral caustic shrikes (Depths:3)
  A spectral juggernaut (Depths:3)
  17 ironbound preservers
  8 draconian annihilators
  2 formless jellyfish
  10 stone giants
  11 very ugly things
  A draconian stormcaller (Zot:4)
  9 ironbound thunderhulks
  4 vampire knights
  9 green draconians
  9 deep elf death magi
  A deep elf demonologist (Elf:3)
  7 yellow draconians
  7 deep elf annihilators
  2 spectral titans (Depths:3)
  7 red draconians
  4 black draconians
  10 purple draconians
  3 war gargoyles
  7 dire elephants
  2 eidola (Depths:3)
  7 white draconians
  9 ettins
  A blizzard demon (Depths:1)
  Snorg (Lair:3)
  2 crystal guardians
  A spectral quicksilver dragon (Depths:3)
  2 merfolk javelineers
  4 merfolk impalers
  5 jiangshi
  2 spectral golden dragons (Depths:3)
  Fannar (Orc:1)
  4 deep elf high priests
  4 great orbs of eyes
  3 entropy weavers
  7 yaktaur captains
  22 vault guards
  9 fire dragons
  3 spectral sphinxes (Depths:3)
  4 rakshasas
  2 spectral shadow dragons (Depths:3)
  2 spectral spriggans (Depths:3)
  4 hydras
  5 ice dragons
  2 spriggan air magi
  2 peacekeepers
  2 juggernaut simulacra (Depths:3)
  A caustic shrike simulacrum (Depths:3)
  A death knight (Vaults:3)
  10 ironbound frosthearts
  6 merfolk avatars
  2 salamander tyrants (Snake:4)
  2 catoblepae
  10 two-headed ogres
  4 ogre magi
  5 anacondas
  A spriggan skeleton (Depths:2)
  11 centaur warriors
  10 dancing weapons
  2 satyrs
  8 boulder beetles
  2 merfolk aquamancers
  6 deep troll shamans
  3 spectral fire giants (Depths:3)
  2 two-headed ogres (shapeshifter) (Vaults:5)
  5 naga warriors
  4 vampire magi
  5 deep troll earth magi
  2 spectral storm dragons (Depths:3)
  12 death yaks
  4 spriggan berserkers
  4 shock serpents
  An orc high priest (Orc:1)
  5 spriggans
  5 naga sharpshooters
  4 hell knights (Depths:1)
  A salamander mystic (Snake:3)
  4 soul eaters
  8 iron trolls
  2 shadow wraiths
  A spectral spark wasp (Depths:3)
  4 deep elf knights
  7 skeletal warriors
  3 skysharks
  A quicksilver dragon simulacrum (Depths:3)
  A skyshark (shapeshifter) (Vaults:5)
  13 sea snakes
  A fire crab (Lair:5)
  A death drake (shapeshifter) (Depths:2)
  38 deep trolls
  A swamp dragon (Zot:1)
  4 glowing orange brains (Depths:3)
  2 flayed ghosts (Depths:3)
  4 arcanists
  7 mana vipers
  3 naga ritualists
  A spectral iron dragon (Depths:3)
  3 bog bodies (Shoals:2)
  2 orange crystal statues (Depths:3)
  7 deep elf archers
  11 ironbound convokers
  4 lindwurms
  6 phantasmal warriors
  A tengu zombie (Depths:2)
  A necromancer (Depths:2)
  5 orc knights
  17 deep elf pyromancers
  21 harpies
  A faun (shapeshifter) (Vaults:5)
  21 deep elf zephyrmancers
  A tengu skeleton (Depths:2)
  2 sphinx simulacra (Depths:3)
  An orc sorcerer (Orc:1)
  10 cyclopes
  Maurice (D:8)
  13 manticores
  A salamander (shapeshifter) (Vaults:5)
  13 salamanders
  A wolf spider (D:12)
  24 ugly things
  A shining eye (shapeshifter) (Depths:3)
  7 fauns
  8 naga magi
  5 water nymphs
  5 elephants
  2 kobold blastminers (Orc:1)
  8 guardian serpents
  4 merfolk sirens
  14 moths of wrath
  33 black mambas
  11 vault sentinels
  4 meliai
  3 storm dragon simulacra (Depths:3)
  3 gargoyles (D:12)
  A torpor snail (shapeshifter) (Vaults:5)
  An orange demon (D:12)
  4 unseen horrors (D:12)
  A moth of wrath (shapeshifter) (Vaults:5)
  7 cane toads
  5 komodo dragons
  32 yaktaurs
  2 spectral glowing shapeshifters (Depths:3)
  A spectral human (Depths:3)
  4 kobold demonologists (D:12)
  A freezing wraith (D:12)
  3 tengu conjurers
  15 trolls
  4 polar bears
  A golden dragon simulacrum (Depths:3)
  2 wind drakes
  18 merfolk
  A wind drake (shapeshifter) (D:15)
  8 hornets
  A queen bee (D:14)
  2 tengu simulacra (Depths:3)
  A shadow dragon simulacrum (Depths:3)
  A glass eye (Depths:2)
  Prince Ribbit (D:6)
  A blink frog (shapeshifter) (Elf:1)
  6 snapping turtles
  13 blink frogs
  24 slime creatures
  6 dream sheep
  2 air elementals
  A centaur simulacrum (D:15)
  9 wraiths
  A ynoxinul (Zot:1)
  13 water elementals
  3 shadows
  5 vampires
  3 fire elementals
  5 wyverns
  3 humans (D:13)
  31 yaks
  2 basilisks
  2 hogs (D:12)
  5 wargs
  6 steam dragons
  6 vampire mosquitoes (D:12)
  2 redbacks (Vaults:3)
  29 nagas
  Edmund (D:5)
  6 acid dragons
  A human zombie (Depths:2)
  4 water moccasins
  Pargi (Sewer)
  3 ice beasts
  10 orc warriors
  3 sky beasts
  A laughing skull (D:12)
  A sky beast (shapeshifter) (Elf:2)
  4 black bears
  2 boggarts
  15 centaurs
  22 wolves
  16 ogres
  A phantom (D:6)
  A brain worm (shapeshifter) (Vaults:5)
  5 kobold brigands
  11 bullfrogs
  2 scorpions
  An earth elemental (Elf:3)
  A gnoll sergeant (D:11)
  6 wights
  2 burial acolytes (Ossuary)
  24 killer bees
  A howler monkey (D:5)
  3 electric eels (Snake:2)
  3 lava snakes (Lair:2)
  4 jellies
  4 hounds
  12 orc priests
  A gnoll bouda (D:6)
  Natasha (thrice) (D:2)
  A sleepcap (D:7)
  3 iguanas (D:5)
  14 orc wizards
  13 gnolls
  5 adders
  A river rat (D:3)
  A shadow imp (D:7)
  A white imp (D:7)
  2 ufetubi (D:5)
  2 adder skeletons (Ossuary)
  3 dart slugs
  2 ribbon worms (D:2)
  35 orcs
  2 endoplasms
  3 giant cockroaches
  3 goblins
  6 hobgoblins
  11 jackals
  4 quokkas
  4 ball pythons
  2 ball python skeletons (Ossuary)
  3 bats
  2 frilled lizards
  3 hobgoblin skeletons (Ossuary)
  17 kobolds
  3 orc skeletons (Ossuary)
  A rat (D:1)
  A rat zombie (D:6)
  An aspiring flesh (Zot:3)
1555 creatures vanquished.

Vanquished Creatures (collateral kills)
  A dread lich (Vaults:5)
  2 orbs of fire (Zot:5)
  Mennas (Depths:4)
  A juggernaut (Depths:4)
  A Killer Klown (Zot:5)
  Nikola (Snake:1)
  5 golden dragons
  Norris (Vaults:1)
  2 electric golems
  Zenata (Elf:2)
  7 Orb Guardians (Zot:5)
  8 tentacled monstrosities
  A titan (Vaults:5)
  A deep elf blademaster (Elf:3)
  A quicksilver dragon (Zot:2)
  2 sphinxes
  A deep elf master archer (Elf:3)
  3 death cobs
  11 storm dragons
  2 tengu reavers
  A shadow dragon (Depths:4)
  A protean progenitor (Zot:3)
  2 nagarajas (Snake:4)
  2 draconian knights
  2 draconian monks
  2 fire giants (Vaults:5)
  7 vault wardens
  2 frost giants
  3 draconian shifters
  3 deep elf sorcerers (Elf:3)
  A ghost moth (Zot:3)
  A draconian annihilator (Zot:3)
  3 draconian stormcallers
  An orc warlord (Vaults:1)
  An ironbound preserver (Vaults:2)
  2 quicksilver oozes (Zot:3)
  4 very ugly things
  3 stone giants
  A vampire knight (Depths:3)
  A spectral titan (Depths:3)
  A deep elf death mage (Elf:3)
  2 deep elf annihilators (Elf:3)
  2 war gargoyles
  5 green draconians
  2 black draconians
  A deep elf demonologist (Vaults:5)
  3 red draconians
  5 white draconians
  5 purple draconians
  6 yellow draconians
  3 dire elephants
  5 merfolk impalers
  An eidolon (Depths:3)
  2 ettins
  3 yaktaur captains
  A merfolk javelineer (Shoals:4)
  3 fire dragons
  3 ice dragons
  3 deep elf high priests (Elf:3)
  Josephine (Orc:1)
  3 salamander tyrants (Snake:4)
  A spectral sphinx (Depths:3)
  2 rakshasas (Depths:1)
  A peacekeeper (Vaults:4)
  3 ironbound frosthearts
  2 merfolk avatars
  11 vault guards
  3 merfolk aquamancers
  A dancing weapon (Elf:1)
  2 anacondas (Snake:4)
  A centaur warrior (D:13)
  4 naga warriors
  A tengu warrior (Depths:1)
  A death knight (Vaults:3)
  A deep troll earth mage (Depths:4)
  An orc high priest (Vaults:4)
  2 naga sharpshooters
  3 spriggan berserkers
  A shock serpent (Snake:3)
  A sun demon (Elf:2)
  A vampire mage (Depths:3)
  A deep elf knight (Elf:1)
  An iron troll (Depths:3)
  3 skysharks
  A hell knight (Depths:1)
  A death drake (Depths:3)
  25 deep trolls
  2 sea snakes
  A flayed ghost (Depths:3)
  An arcanist (Vaults:2)
  A mana viper (Snake:4)
  3 deep elf archers
  3 ironbound convokers
  4 lindwurms
  2 orc knights
  7 phantasmal warriors
  4 ugly things
  6 harpies
  A spectral iron dragon (Depths:3)
  5 deep elf zephyrmancers
  2 orc sorcerers (Orc:1)
  5 deep elf pyromancers
  4 manticores
  A salamander (Snake:4)
  A faun (Shoals:1)
  8 moths of wrath
  4 vault sentinels
  A guardian serpent (Snake:4)
  2 kobold blastminers (Orc:1)
  2 merfolk sirens
  A storm dragon simulacrum (Depths:3)
  3 water nymphs
  4 black mambas
  2 naga magi (Snake:1)
  3 cane toads
  A komodo dragon (Lair:2)
  7 yaktaurs
  2 spectral glowing shapeshifters (Depths:3)
  3 trolls
  A hornet (Depths:2)
  8 merfolk
  An iron dragon simulacrum (Depths:3)
  A blink frog (Lair:4)
  A glass eye (Depths:3)
  A shadow dragon simulacrum (Depths:3)
  2 tengu simulacra
  A spriggan (Depths:2)
  3 snapping turtles
  9 slime creatures
  2 water elementals
  2 fire elementals
  6 yaks
  2 humans (D:13)
  2 wargs
  2 vampire mosquitoes (D:12)
  A chaos spawn (D:15)
  9 nagas
  A swamp worm (shapeshifter) (Depths:1)
  An acid dragon (Zot:1)
  4 water moccasins
  2 ogres (Orc:2)
  A wolf (Lair:3)
  A centaur (D:14)
  2 bullfrogs
  An earth elemental (Elf:1)
  2 killer bees (D:14)
  An orc wizard (Orc:2)
  3 orcs (Orc:1)
  A kobold (D:11)
  A butterfly (Lair:1)
  6 foxfires
408 creatures vanquished.

Vanquished Creatures (others)
  A draconian knight (Zot:4)
  A fire giant (Vaults:5)
  4 orc warlords (Zot:3)
  A dire elephant (Vaults:1)
  7 orc high priests
  10 orc knights
  An orc sorcerer (Orc:2)
  A deep elf pyromancer (Elf:2)
  An unseen horror (D:12)
  22 orc apostles
  A naga (Snake:2)
  7 orc warriors
  3 ogres (Orc:1)
  A centaur (D:13)
  2 orc priests
  2 orc wizards (Orc:1)
  10 orcs
  234 foxfires
309 creatures vanquished.

Grand Total: 2272 creatures vanquished

Table legend: (Time is in decaauts)
 A = Elapsed time spent in this place.
 B = Non-inter-level travel time spent in this place.
 C = Inter-level travel time spent in this place.
 D = Time resting spent in this place.
 E = Time spent auto-exploring this place.
 F = Levels seen in this place.
 G = Mean time per level.
                   A        B        C        D        E       F      G
               +--------+--------+--------+--------+--------+-----+--------+
         Total |  73388 |  68527 |   4861 |  11231 |  45228 |  49 | 1497.7 |
       Dungeon |  17341 |  15362 |   1979 |   1998 |  10176 |  15 | 1156.1 |
          Lair |   5558 |   4864 |    694 |    566 |   3473 |   5 | 1111.6 |
        Shoals |   7125 |   6819 |    306 |    958 |   5040 |   4 | 1781.2 |
     Snake Pit |   7514 |   7136 |    378 |   1143 |   5211 |   4 | 1878.5 |
  Orcish Mines |   2342 |   2229 |    113 |    561 |   1180 |   2 | 1171.0 |
   Elven Halls |   4957 |   4812 |    145 |    879 |   3254 |   3 | 1652.3 |
        Vaults |  10378 |   9835 |    543 |    859 |   7277 |   5 | 2075.6 |
        Depths |   8673 |   8375 |    298 |   1796 |   5135 |   4 | 2168.2 |
           Zot |   8984 |   8583 |    401 |   2413 |   4316 |   5 | 1796.8 |
         Sewer |    181 |    181 |      0 |     49 |     66 |   1 |  181.0 |
       Ossuary |    331 |    331 |      0 |      8 |     99 |   1 |  331.0 |
               +--------+--------+--------+--------+--------+-----+--------+

Top non-repeatable levels by time:
 Snake:4: 3181 daAuts
   Zot:4: 3087 daAuts
Depths:3: 2795 daAuts
Depths:4: 2367 daAuts
Vaults:1: 2311 daAuts
Vaults:4: 2261 daAuts
Vaults:5: 2244 daAuts
Shoals:3: 2186 daAuts
   Elf:3: 2166 daAuts
Depths:2: 2027 daAuts
Vaults:3: 2013 daAuts
     D:9: 1975 daAuts
Shoals:1: 1937 daAuts
   Elf:1: 1786 daAuts
   Zot:1: 1782 daAuts

Table legend:
 A = Non-vault XP
 B = Vault XP
 C = Vault XP percentage of total XP
 D = Non-vault monster count
 E = Vault monster count
 F = Vault count percentage of total count
                 A         B        C        D         E       F
            +---------+---------+-------+---------+---------+-------
      Total |  644910 |  671599 |  51.0 |    1199 |     768 |  39.0
            +---------+---------+-------+---------+---------+-------
        D:1 |      23 |       9 |  28.1 |       9 |       3 |  25.0
        D:2 |     109 |      38 |  25.9 |       9 |       1 |  10.0
        D:3 |      98 |      24 |  19.7 |      14 |       4 |  22.2
        D:4 |     292 |       0 |   0.0 |      17 |       0 |   0.0
        D:5 |     663 |     203 |  23.4 |      25 |       2 |   7.4
        D:6 |    1145 |     262 |  18.6 |      25 |       2 |   7.4
        D:7 |    1738 |    2524 |  59.2 |      31 |       8 |  20.5
        D:8 |     501 |     548 |  52.2 |      11 |       1 |   8.3
        D:9 |    3544 |    2899 |  45.0 |      28 |       9 |  24.3
       D:10 |    4771 |       0 |   0.0 |      20 |       0 |   0.0
       D:11 |    2877 |     391 |  12.0 |      22 |       3 |  12.0
       D:12 |    2812 |   22233 |  88.8 |      14 |      45 |  76.3
       D:13 |    8165 |    7024 |  46.2 |      26 |      12 |  31.6
       D:14 |    8936 |    2644 |  22.8 |      17 |      18 |  51.4
       D:15 |   11710 |    2202 |  15.8 |      25 |       4 |  13.8
     Lair:1 |    3929 |       0 |   0.0 |      22 |       0 |   0.0
     Lair:2 |    6165 |    1404 |  18.5 |      24 |       6 |  20.0
     Lair:3 |    4571 |    2231 |  32.8 |      18 |       3 |  14.3
     Lair:4 |    9702 |       0 |   0.0 |      27 |       0 |   0.0
     Lair:5 |    5506 |   12834 |  70.0 |      17 |      23 |  57.5
   Shoals:1 |   27295 |       0 |   0.0 |      54 |       0 |   0.0
   Shoals:2 |   14392 |    2058 |  12.5 |      23 |       3 |  11.5
   Shoals:3 |   17974 |    3277 |  15.4 |      36 |       7 |  16.3
   Shoals:4 |    5227 |   19185 |  78.6 |      12 |      30 |  71.4
    Snake:1 |    9592 |    4505 |  32.0 |      24 |       2 |   7.7
    Snake:2 |   11747 |       0 |   0.0 |      31 |       0 |   0.0
    Snake:3 |   13308 |       0 |   0.0 |      27 |       0 |   0.0
    Snake:4 |   16755 |   27516 |  62.2 |      36 |      40 |  52.6
      Orc:1 |    6378 |    3674 |  36.5 |      28 |      11 |  28.2
      Orc:2 |    1557 |   13972 |  90.0 |      16 |      35 |  68.6
      Elf:1 |   11370 |   11610 |  50.5 |      20 |      21 |  51.2
      Elf:2 |   10070 |    4364 |  30.2 |      21 |       4 |  16.0
      Elf:3 |   17270 |   36441 |  67.8 |      29 |      33 |  53.2
   Vaults:1 |   26335 |   21554 |  45.0 |      36 |      33 |  47.8
   Vaults:2 |   30175 |   13853 |  31.5 |      39 |      17 |  30.4
   Vaults:3 |   11494 |   23253 |  66.9 |      20 |      30 |  60.0
   Vaults:4 |   29884 |   12746 |  29.9 |      45 |      10 |  18.2
   Vaults:5 |   23713 |  113659 |  82.7 |      31 |     100 |  76.3
   Depths:1 |   35260 |    1719 |   4.6 |      43 |       2 |   4.4
   Depths:2 |   32352 |   11547 |  26.3 |      43 |      11 |  20.4
   Depths:3 |       1 |   91225 | 100.0 |       1 |     106 |  99.1
   Depths:4 |   29712 |   21022 |  41.4 |      30 |      15 |  33.3
      Zot:1 |   37180 |   26633 |  41.7 |      29 |      24 |  45.3
      Zot:2 |   18258 |       0 |   0.0 |      14 |       0 |   0.0
      Zot:3 |   53132 |    7616 |  12.5 |      46 |       4 |   8.0
      Zot:4 |   31566 |   38682 |  55.1 |      25 |      24 |  49.0
      Zot:5 |   45656 |  103548 |  69.4 |      39 |      41 |  51.2
      Sewer |       0 |     152 | 100.0 |       0 |       7 | 100.0
    Ossuary |       0 |     318 | 100.0 |       0 |      14 | 100.0
            +---------+---------+-------+---------+---------+-------
